 Dungeon Crawl Stone Soup version 0.28-a0-664-gc179e30c89 (webtiles) character file.

Game seed: 1824784739569184395

5374 blank1 the Cleaver (level 10, -5/94 HPs)
             Began as a Hill Orc Fighter on Oct 16, 2021.
             Was a Priest of Okawaru.
             Slain by Erica (9 damage)
             ... on level 9 of the Dungeon.
             The game lasted 00:14:33 (6193 turns).

blank1 the Cleaver (Hill Orc Fighter)               Turns: 6193, Time: 00:14:34

Health: -5/94      AC: 10    Str: 27    XL:     10   Next: 66%
Magic:  13/13      EV: 12    Int:  8    God:    Okawaru [***...]
Gold:   405        SH: 11    Dex: 22    Spells: 9/9 levels left

rFire   + . .      SeeInvis .   a - +1 war axe
rCold   . . .      Faith    .   q - +0 kite shield
rNeg    . . .      Spirit   .   b - +0 scale mail
rPois   .          Reflect  .   (no helmet)
rElec   .          Harm     .   d - +0 cloak
rCorr   .          Rampage  .   (no gloves)
Will    .....                   i - +0 pair of boots
Stlth   ..........              f - amulet of regeneration
HPRegen 1.25/turn               e - +6 ring of dexterity
MPRegen 0.13/turn               r - ring "Zotap" {rF+ Str+6 Dex+4}

@: mighty, lethally poisoned (-5 -> -6)
A: no striking features
a: Renounce Religion, Heroism


You were on level 9 of the Dungeon.
You worshipped Okawaru.
Okawaru was most pleased with you.
You visited 2 branches of the dungeon, and saw 10 of its levels.
You also visited: Ossuary.

You collected 405 gold pieces.

Inventory:

Hand Weapons
 a - a +1 war axe (weapon)
Armour
 b - a +0 scale mail (worn)
 d - a +0 cloak (worn)
 i - a +0 pair of boots (worn)
 q - a +0 kite shield (worn)
Jewellery
 e - a +6 ring of dexterity (left hand)
 f - an amulet of regeneration (around neck)
 r - the ring "Zotap" (right hand) {rF+ Str+6 Dex+4}
   (You found it on level 5 of the Dungeon)

   [ring of strength]

   Str:       It affects your strength (+6).
   Dex:       It affects your dexterity (+4).
   rF:        It protects you from fire.
Wands
 c - a wand of polymorph (11)
 o - a wand of mindburst (15)
 t - a wand of acid (11)
 v - a wand of digging (5)
 x - a wand of flame (36)
Scrolls
 n - 2 scrolls of magic mapping
 p - a scroll of teleportation {unknown}
 y - a scroll of identify
 C - 2 scrolls of enchant weapon
 E - a scroll of fog {unknown}
 G - 2 scrolls of enchant armour {unknown}
Potions
 g - a potion of ambrosia
 h - a potion of mutation
 j - 4 potions of flight
 k - a potion of attraction
 l - 4 potions of curing
 s - 3 potions of lignification {unknown}
 u - a potion of might
 w - 3 potions of resistance {unknown}
 z - 2 potions of cancellation {unknown}
 A - a potion of brilliance {unknown}
 D - 3 potions of haste
 F - a potion of invisibility {unknown}


   Skills:
 + Level 10.3 Fighting
 + Level 10.4 Axes
 - Level 8.0 Armour
 - Level 5.0 Dodging
 - Level 6.0 Shields
 - Level 5.0 Invocations


You had 9 spell levels left.
You didn't know any spells.
Your spell library contained the following spells:

 Spells                   Type           Power      Damage    Failure   Level
 Magic Dart               Conj           0%         1d3       95%         1
 Searing Ray              Conj           0%         2d4       99%         2
 Portal Projectile        Hex/Tloc       0%         N/A       100%        3
 Stone Arrow              Conj/Erth      0%         3d7       100%        3
 Fulminant Prism          Conj/Hex       0%         3d6       100%        4
 Leda's Liquefaction      Hex/Erth       0%         N/A       100%        4
 Lehudib's Crystal Spear  Conj/Erth      0%         10d2      100%        8
 Call Canine Familiar     Summ           Unusable   N/A       N/A         3
 Animate Armour           Summ/Erth      Unusable   N/A       N/A         4

Dungeon Overview and Level Annotations

Branches:
Dungeon (9/15)             Temple (1/1) D:7         Ossuary (visited)
   Lair: D:8-11         Orc: D:9-12

Altars:
Ashenzari
Dithmenos
Elyvilon
Fedhas
Gozag
Kikubaaqudgha
Makhleb
Nemelex Xobeh
Okawaru
Qazlal
Ru
Trog
Uskayaw
Wu Jian
Yredelemnul
Zin
The Shining One

Shops:
D:5 *

Annotations:
D:9 Erica


Message History

You kill the killer bee!
Okawaru accepts your kill.
You feel very sick.
The killer bee stings you but does no damage.
The killer bee closely misses you. Something hits you but does no damage.
The killer bee closely misses you.
Unknown command.
You barely miss something. You miss the killer bee.
You feel sick.
The killer bee stings you but does no damage.
You hear some strange, mumbled words.
A lance of force appears from out of thin air!
The lance of force misses you. The killer bee stings you.
* * * LOW HITPOINT WARNING * * *
You are more poisoned.
The killer bee poisons you!
Unknown command.
You're too confused to move!
You feel less confused.
You feel very sick.
The killer bee stings you but does no damage.
You block the killer bee's attack. Something hits you.
* * * LOW HITPOINT WARNING * * *
Unknown command.
You barely miss something. You hit the killer bee.
You feel very sick. The killer bee stings you.
* * * LOW HITPOINT WARNING * * *
The killer bee stings you but does no damage.
Something hits you but does no damage.
Unknown command.
You miss something. You barely miss the killer bee.
You feel sick.
The killer bee stings you but does no damage.
You block the killer bee's attack. Something hits you.
* * * LOW HITPOINT WARNING * * *
Something burns you.
* * * LOW HITPOINT WARNING * * *
The killer bee stings you but does no damage.
You closely miss something. You miss the killer bee.
You feel sick. You block the killer bee's attack. Something hits you!
You die...

#..#..#..#..# #......
##.###.#.###)###....##
##..# #...#
#)..)....## #..##
##.## ##.......## #..#
#.# #.......#. #.##
### ##......## #.#
.....#####
#.#######+#.......#
#.....@y..........# #
######{†..........# ##
#...>.... #. #........
## #........ #
#.....### #..$.(#
.......


You could see a killer bee.

Vanquished Creatures
  Harold (D:9)
  Erolcha (D:9)
  Pikel (D:6)
  Maggie (D:7)
  Prince Ribbit (D:7)
  Eustachio (D:6)
  Menkaure (D:6)
  2 water moccasins
  An ice beast (D:7)
  3 sky beasts
  A black bear (D:5)
  3 ogres
  3 necrophages
  2 lemures (D:6)
  Blork the orc (D:6)
  2 kobold brigands
  5 bullfrogs
  2 scorpions
  4 wights
  4 killer bees (D:9)
  The ghost of Atlas the Digger, a weakling DgEE (D:3)
  4 centaur zombies (Ossuary)
  7 hounds
  Crazy Yiuf (D:7)
  2 bullfrog skeletons
  Terence (D:3)
  An iguana (D:6)
  A scorpion zombie (D:5)
  An orc wizard (D:8)
  3 howler monkey zombies
  6 mummies (Ossuary)
  2 howler monkey skeletons (D:7)
  7 adders
  2 white imps (D:7)
  An ufetubus (D:7)
  An adder skeleton (D:4)
  3 worms
  5 orcs
  6 ball pythons
  3 bats (D:1)
  6 endoplasms
  A giant cockroach (D:3)
  4 jackals (D:3)
  19 kobolds
  2 quokkas (D:1)
  3 frilled lizards
  2 goblins
  A hobgoblin zombie (Ossuary)
  A rat (D:1)
137 creatures vanquished.

Notes
Turn   | Place    | Note
-------+----------+-------------------------------------------
     0 | D:1      | blank1 the Hill Orc Fighter began the quest for the Orb.
     0 | D:1      | Reached XP level 1. HP: 19/19 MP: 1/1
   333 | D:1      | Reached XP level 2. HP: 24/27 MP: 2/2
  1252 | D:2      | Reached XP level 3. HP: 32/33 MP: 3/3
  1735 | D:3      | Found a glowing silver altar of Zin.
  1798 | D:3      | Reached skill level 1 in Dodging
  1798 | D:3      | Reached XP level 4. HP: 31/40 MP: 4/4
  1973 | D:3      | Found a faded altar of an unknown god.
  2006 | D:3      | Found a runed translucent door.
  2006 | D:3      | Noticed Atlas's ghost (weakling DgEE)
  2036 | D:3      | Killed Atlas's ghost
  2103 | D:3      | Found a broken altar of Ashenzari.
  2124 | D:3      | Noticed Terence
  2133 | D:3      | Killed Terence
  2134 | D:3      | Reached XP level 5. HP: 27/47 MP: 5/5
  2470 | D:4      | Noticed an ogre
  2480 | D:4      | Killed an ogre
  2481 | D:4      | Reached skill level 5 in Fighting
  2481 | D:4      | Reached XP level 6. HP: 9/56 MP: 6/6
  2566 | D:4      | Found an opulent altar of Gozag.
  2602 | D:4      | Found a blossoming altar of Fedhas.
  2608 | D:4      | Noticed a sky beast
  2619 | D:4      | Killed a sky beast
  2697 | D:4      | Noticed a necrophage
  2700 | D:4      | Killed a necrophage
  2701 | D:4      | Reached skill level 5 in Axes
  2701 | D:4      | Reached XP level 7. HP: 62/62 MP: 7/7
  2799 | D:4      | Reached skill level 5 in Armour
  2893 | D:5      | Entered Level 5 of the Dungeon
  3025 | D:5      | Identified the ring "Zotap" {rF+ Str+6 Dex+4}
  3094 | D:5      | Found Ctzioplu's Commerce Corner.
  3513 | D:6      | Reached XP level 8. HP: 66/73 MP: 8/8
  3607 | D:6      | Noticed Pikel
  3624 | D:6      | Killed Pikel
  3708 | D:6      | Reached XP level 9. HP: 78/82 MP: 9/9
  3715 | D:6      | Found a sparkling altar of Nemelex Xobeh.
  3931 | D:6      | Found a shadowy altar of Dithmenos.
  4040 | D:6      | Noticed Eustachio
  4049 | D:6      | Killed Eustachio
  4050 | D:6      | Reached skill level 5 in Shields
  4118 | D:6      | Noticed Menkaure
  4127 | D:6      | Killed Menkaure
  4327 | D:6      | Noticed Blork the orc
  4333 | D:6      | Killed Blork the orc
  4411 | D:7      | Found a staircase to the Ecumenical Temple.
  4420 | Temple   | Entered the Ecumenical Temple
  4534 | Temple   | Became a worshipper of Warmaster Okawaru
  4559 | D:7      | Found a sand-covered staircase.
  4569 | Ossuary  | Entered an ossuary
  4679 | D:7      | Noticed Maggie
  4692 | D:7      | Killed Maggie
  4699 | D:7      | Reached skill level 10 in Axes
  4706 | D:7      | Reached skill level 10 in Fighting
  4732 | D:7      | Reached skill level 1 in Invocations
  4745 | D:7      | Found a shadowy altar of Dithmenos.
  4779 | D:7      | Found a glowing golden altar of the Shining One.
  4782 | D:7      | Noticed an angel
  4792 | D:7      | Found a basalt altar of Yredelemnul.
  4794 | D:7      | Noticed a profane servitor
  4801 | D:7      | Noticed Prince Ribbit
  4813 | D:7      | Killed Prince Ribbit
  4813 | D:7      | Reached * piety under Okawaru
  4848 | D:7      | Reached XP level 10. HP: 93/93 MP: 10/12
  5179 | D:7      | Found a runed translucent door.
  5180 | D:7      | Noticed Crazy Yiuf
  5297 | D:7      | Killed Crazy Yiuf
  6000 | D:9      | Noticed Erolcha
  6007 | D:9      | Killed Erolcha
  6007 | D:9      | Reached ** piety under Okawaru
  6008 | D:9      | Reached skill level 5 in Invocations
  6172 | D:9      | Noticed Harold
  6175 | D:9      | Noticed Erica
  6180 | D:9      | Killed Harold
  6180 | D:9      | Reached *** piety under Okawaru
  6181 | D:9      | Reached skill level 5 in Dodging
  6192 | D:9      | HP: 4/94 [something (1)]
  6193 | D:9      | Slain by Erica

Illustrated notes

Levels and vault maps discovered:
D:1:      tarquinn_simple_flora_water_d, layout_loops_ring, minmay_tall_x
D:2:      layout_basic
D:3:      layout_rooms, mainiacjoe_overflow_brackets,
          nicolae_ashenzari_skybound, chequers_ecumenical_altar_island,
          gammafunk_ghost_grave, uniq_terence
D:4:      layout_rooms, lemuel_tele_altar, mainiacjoe_overflow_alcove_4
D:5:      layout_basic, kennysheep_flooded_box, nicolae_alphabet_shops
D:6:      layout_cave_pods, nicolae_dithmenos_the_darkroom,
          nemelex_xobeh_ov_fountains_minmay, uniq_pikel, uniq_menkaure,
          uniq_blork_the_orc, uniq_eustachio
D:7:      layout_rooms, grunt_temple_overflow_holy_war,
          minmay_temple_entry_antechambers, nicolae_ossuary_entry_ruins,
          minmay_ruined_shrine, uniq_maggie, uniq_prince_ribbit1,
          uniq_crazy_yiuf_cottage
D:8:      layout_loops_ring
D:9:      gammafunk_jiyva_shrine, layout_basic, kennysheep_mini,
          mainiacjoe_overflow_small_starburst, lemuel_crystal_altar,
          serial_curves, eino_curves_03, eino_curves_03, eino_curves_02,
          lightli_minifort, uniq_erolcha, uniq_harold, uniq_erica
Temple:   nicolae_temple_figure_zero

Skill      XL: |  1  2  3  4  5  6  7  8  9 10 |
---------------+-------------------------------+-----
Axes           | 3 4 5 7 8 10 | 10.4
Fighting       | 4 5 7 8 10 | 10.3
Dodging        | 1 2 3 5 |  5.0
Armour         | 4 5 6 8 |  8.0
Shields        | 4 6 |  6.0
Invocations    | 3 5 |  5.0

Action                   |  1- 3 |  4- 6 |  7- 9 | 10-12 || total
-------------------------+-------+-------+-------+-------++-------
Melee: War axe           |    94 |    65 |   225 |   101 ||   485
Evoke: Wand              |       |       |     1 |     3 ||     4
  Use: Scroll            |     4 |     2 |     7 |     1 ||    14
       Potion            |       |       |     1 |     2 ||     3
Armor: Scale mail        |    56 |    34 |   103 |    41 ||   234
       Steam dragon scal |       |       |     3 |       ||     3
Dodge: Dodged            |    60 |    18 |    99 |    56 ||   233
Block: Buckler           |    24 |    10 |     4 |       ||    38
       Kite shield       |       |       |   121 |    49 ||   170

Table legend: (Time is in decaauts)
 A = Elapsed time spent in this place.
 B = Non-inter-level travel time spent in this place.
 C = Inter-level travel time spent in this place.
 D = Time resting spent in this place.
 E = Time spent auto-exploring this place.
 F = Levels seen in this place.
 G = Mean time per level.
                   A        B        C        D        E       F      G
               +--------+--------+--------+--------+--------+-----+--------+
         Total |   6328 |   6091 |    237 |    181 |   4595 |  11 |  575.3 |
       Dungeon |   6100 |   5872 |    228 |    181 |   4459 |   9 |  677.8 |
        Temple |    124 |    115 |      9 |      0 |    110 |   1 |  124.0 |
       Ossuary |    103 |    103 |      0 |      0 |     26 |   1 |  103.0 |
               +--------+--------+--------+--------+--------+-----+--------+

Top non-repeatable levels by time:
     D:6: 951 daAuts
     D:3: 899 daAuts
     D:1: 887 daAuts
     D:7: 771 daAuts
     D:2: 756 daAuts
     D:8: 671 daAuts
     D:5: 555 daAuts
     D:4: 408 daAuts
     D:9: 198 daAuts
  Temple: 124 daAuts
 Ossuary: 103 daAuts
